 Dungeon Crawl Stone Soup version 0.29-a0-892-g2c4c91d9db (webtiles) character file.

Game seed: 8375505371295428261

668 Sat the Magician (level 7, -1/41 HPs)
             Began as an Octopode Conjurer on July 23, 2022.
             Was a Believer of Jiyva.
             Slain by a phantom (5 damage)
             ... on level 5 of the Dungeon.
             The game lasted 00:15:42 (5419 turns).

Sat the Magician (Octopode Conjurer)                Turns: 5419, Time: 00:15:43

Health: -1/41      AC:  1    Str: 10    XL:     7   Next: 58%
Magic:  6/16       EV: 13    Int: 22    God:    Jiyva [**....]
Gold:   221        SH:  0    Dex: 15    Spells: 15/18 levels left

rFire   + . .      SeeInvis .   x - +2 hand axe (elec)
rCold   . . .      Faith    .   (no shield)
rNeg    . . .      Spirit   .   (helmet restricted)
rPois   .          Reflect  .   (no amulet)
rElec   .          Harm     .   c - ring of flight
rCorr   +          Rampage  .   s - +6 ring of dexterity
Will    .....      Clarity  +   (no ring)
Stlth   +++.......              (no ring)
HPRegen 1.09/turn               (no ring)
MPRegen 0.45/turn               (no ring)
                                (no ring)
                                (no ring)

@: flying
A: almost no armour, amphibious, 8 rings, camouflage 1, gelatinous body 1,
(nimble swimmer 1), tentacles, clarity, fire resistance 1, strong 1, subdued
magic 1
a: Renounce Religion


You were on level 5 of the Dungeon.
You worshipped Jiyva.
Jiyva was pleased with you.
You visited 1 branch of the dungeon, and saw 5 of its levels.
You also visited: Sewer.

You collected 221 gold pieces.

Inventory:

Hand Weapons
 q - a +0 hand axe of flaming
 x - a +2 hand axe of electrocution (weapon)
Missiles
 n - 16 poisoned darts
Jewellery
 c - a ring of flight (left tentacle)
 s - a +6 ring of dexterity (right tentacle)
Wands
 u - a wand of iceblast (1)
Scrolls
 b - 2 scrolls of immolation
 d - 2 scrolls of noise
 g - 4 scrolls of teleportation
 i - a scroll of fear
 k - a scroll of enchant armour {unknown}
 l - a scroll of poison {unknown}
 o - a scroll of vulnerability
 p - a scroll of blinking {unknown}
 r - a scroll of silence {unknown}
 y - a scroll of amnesia {unknown}
Potions
 a - 2 potions of magic
 e - 2 potions of curing {unknown}
 f - a potion of brilliance {unknown}
 h - 2 potions of heal wounds {unknown}
 j - 3 potions of might
 m - 2 potions of invisibility
 t - 2 potions of mutation
 v - a potion of haste {unknown}
 w - 2 potions of cancellation


   Skills:
 - Level 2.4 Dodging
 - Level 3.4 Stealth
 * Level 6.0 Spellcasting
 + Level 6.0 Conjurations


You had 15 spell levels left.
You knew the following spells:

 Your Spells              Type           Power      Damage    Failure   Level
a - Magic Dart            Conj           100%       1d8       1%          1
b - Searing Ray           Conj           50%        2d6       1%          2

Your spell library contained the following spells:

 Spells                   Type           Power      Damage    Failure   Level
 Dazzling Flash           Conj/Hex       30%        N/A       6%          3
 Blink                    Tloc           10%        N/A       12%         2
 Frozen Ramparts          Ice            10%        1d3       22%         3
 Lesser Beckoning         Tloc           5%         N/A       22%         3
 Fulminant Prism          Conj/Hex       7%         3d7       22%         4
 Iskenderun's Mystic Bla  Conj/Tloc      15%        2d5       22%         4
 Ice Form                 Ice/Tmut       5%         N/A       61%         4
 Summon Ice Beast         Ice/Summ       5%         N/A       61%         4
 Manifold Assault         Tloc           5%         N/A       92%         5


Dungeon Overview and Level Annotations

Branches:
Dungeon (5/15)             Temple (0/1) D:4           Sewer (visited)

Altars:
Ashenzari
Trog
Uskayaw


Innate Abilities, Weirdness & Mutations

You cannot wear most types of armour.
You are amphibious.
You can wear up to eight rings at the same time.
Your skin changes colour to match your surroundings (Stealth+).
Your rubbery body absorbs attacks. (AC +1, EV +1)
((You are camouflaged when in or above water. (Stealth+)))
You have tentacles for arms and can constrict up to eight enemies at once.
You possess an exceptional clarity of mind.
Your flesh is heat resistant. (rF+)
Your muscles are strong. (Str +4, Int/Dex -1)
Your spells are a little easier to cast, but a little less powerful.


Message History

The phantom blinks!
You blink.
Okay, then.
Okay, then.
Okay, then.
Casting: Magic Dart (safe; 1% risk of failure)
Confirm with . or Enter, or press ? or * to list all spells.
Aiming: Searing Ray (safe; 1% risk of failure)
Press: ? - help, Shift-Dir - straight line, f - phantom
Aim: a phantom (unable to see you, 71% to hit)
The searing ray hits the phantom!
The phantom is heavily damaged. (Press . to maintain the ray.)
The phantom hits you.
* * * LOW HITPOINT WARNING * * *
The phantom blinks!
You blink.
Casting: Searing Ray (safe; 1% risk of failure)
Confirm with . or Enter, or press ? or * to list all spells.
Aiming: Searing Ray (safe; 1% risk of failure)
Press: ? - help, Shift-Dir - straight line, f/p - phantom
Aim: a phantom (heavily damaged, unable to see you, 71% to hit)
The searing ray misses the phantom. (Press . to maintain the ray.)
The phantom completely misses you.
Unknown command.
Casting: Searing Ray (safe; 1% risk of failure)
Confirm with . or Enter, or press ? or * to list all spells.
Restarting spell: Searing Ray (safe; 1% risk of failure)
Press: ? - help, Shift-Dir - straight line, f/p - phantom
Aim: a phantom (heavily damaged, unable to see you, 71% to hit)
The searing ray hits the phantom.
The phantom is heavily damaged. (Press . to maintain the ray.)
The phantom hits you.
* * * LOW HITPOINT WARNING * * *
It was a potion of cancellation.
Your magical effects are unravelling.
You feel magically purged.
You flicker back into view.
You feel a little less mighty now. The phantom hits you.
You die...

#.. #..# #......# #..###..#
#.....## #..##..# ##...#..#
##..#...###..####..
#...........## ##.
#.....##...## ## ##...####..#
# #. #...# ##.# ### #. #@W.#
#...# ##..
##..#######..###.....####...
##...#... #................##
.....J...##......####......##
#......##....#### ..###.##
#...........## . #...
..##...#....## ##..
##..##....# #.)#
#..####...####. #..#


You could see a phantom.

Vanquished Creatures
  A scorpion (D:5)
  4 wights (D:5)
  A howler monkey (D:5)
  2 hounds (D:5)
  3 jellies (Sewer)
  An orc wizard (D:4)
  8 adders
  3 gnolls
  A river rat (Sewer)
  An ufetubus (D:3)
  A worm (Sewer)
  3 dart slugs
  14 orcs
  5 endoplasms
  6 giant cockroaches
  5 goblins
  4 hobgoblins
  9 jackals
  4 kobolds
  5 quokkas
  4 ball pythons
  3 bats
  6 frilled lizards
  9 rats
103 creatures vanquished.

Vanquished Creatures (others)
  4 jellies
  A gnoll (D:4)
  3 adders
  An ufetubus (D:5)
  An orc (D:4)
  An endoplasm (D:4)
  A quokka (D:4)
12 creatures vanquished.

Grand Total: 115 creatures vanquished

Notes
Turn   | Place    | Note
-------+----------+-------------------------------------------
     0 | D:1      | Sat the Octopode Conjurer began the quest for the Orb.
     0 | D:1      | Reached XP level 1. HP: 11/11 MP: 3/3
   423 | D:1      | Reached XP level 2. HP: 17/17 MP: 0/5
  1361 | D:2      | Reached XP level 3. HP: 21/21 MP: 1/6
  2074 | D:2      | Reached XP level 4. HP: 27/27 MP: 3/8
  3164 | D:3      | Found a bloodstained altar of Trog.
  3317 | D:4      | Learned a level 2 spell: Searing Ray
  3344 | D:4      | Found a glowing drain.
  3348 | Sewer    | Entered a sewer
  3489 | Sewer    | Reached XP level 5. HP: 31/31 MP: 5/10
  3624 | Sewer    | Reached skill level 5 in Conjurations
  3713 | Sewer    | Reached XP level 6. HP: 36/36 MP: 6/12
  3869 | Sewer    | Found a viscous altar of Jiyva.
  3950 | Sewer    | Became a worshipper of Jiyva Jeama the Shapeless
  4068 | D:4      | Found a staircase to the Ecumenical Temple.
  4299 | D:4      | Found a hide-covered altar of Uskayaw.
  4640 | D:4      | Reached * piety under Jiyva
  4799 | D:5      | Entered Level 5 of the Dungeon
  4799 | D:5      | Found a broken altar of Ashenzari.
  4875 | D:5      | Reached skill level 5 in Spellcasting
  5008 | D:5      | Reached ** piety under Jiyva
  5338 | D:5      | Reached XP level 7. HP: 27/41 MP: 8/15
  5415 | D:5      | Gained mutation: You possess an exceptional clarity of
                  | mind. [potion of mutation]
  5415 | D:5      | Gained mutation: Your spells are a little easier to cast,
                  | but a little less powerful. [potion of mutation]
  5415 | D:5      | Gained mutation: Your muscles are strong. (Str +4, Int/Dex
                  | -1) [potion of mutation]
  5415 | D:5      | Gained mutation: Your flesh is heat resistant. (rF+)
                  | [potion of mutation]
  5419 | D:5      | Slain by a phantom

Illustrated notes

Levels and vault maps discovered:
D:1:      amcnicky_arrival_blooded_trapdoor, layout_basic, minivault_23,
          nrook_loot_triangle, minmay_pentomino_s4
D:2:      layout_loops_ring
D:3:      layout_basic, mainiacjoe_overflow_alcove_1
D:4:      layout_cave_pools, kennysheep_little_box,
          minmay_temple_entry_statues_fountains, gup_sewer_entry_bowl
D:5:      layout_layer_cave, cheibrodos_ashenzari_chains

Skill      XL: |  1  2  3  4  5  6  7 |
---------------+----------------------+-----
Stealth        | 3 |  3.4
Spellcasting   | 3 4 5 6 |  6.0
Conjurations   | 5 6 |  6.0
Dodging        | |  2.4

Action                   |  1- 3 |  4- 6 |  7- 9 || total
-------------------------+-------+-------+-------++-------
Throw: Dart              |     4 |       |       ||     4
 Cast: Magic Dart        |    66 |   145 |    23 ||   234
       Searing Ray       |       |     3 |     4 ||     7
Evoke: Wand              |       |     4 |       ||     4
  Use: Scroll            |       |     5 |       ||     5
       Potion            |       |       |     4 ||     4
Armor: Skin              |     2 |       |       ||     2
Dodge: Dodged            |     6 |    14 |    10 ||    30

Table legend: (Time is in decaauts)
 A = Elapsed time spent in this place.
 B = Non-inter-level travel time spent in this place.
 C = Inter-level travel time spent in this place.
 D = Time resting spent in this place.
 E = Time spent auto-exploring this place.
 F = Levels seen in this place.
 G = Mean time per level.
                   A        B        C        D        E       F      G
               +--------+--------+--------+--------+--------+-----+--------+
         Total |   5416 |   5269 |    147 |    420 |   4077 |   6 |  902.7 |
       Dungeon |   4798 |   4651 |    147 |    246 |   3796 |   5 |  959.6 |
         Sewer |    618 |    618 |      0 |    174 |    281 |   1 |  618.0 |
               +--------+--------+--------+--------+--------+-----+--------+

Top non-repeatable levels by time:
     D:1: 1222 daAuts
     D:2: 1134 daAuts
     D:3: 1032 daAuts
     D:4: 789 daAuts
     D:5: 619 daAuts
   Sewer: 618 daAuts
